cohdb
Replays
Latest Replays
All Replays
Popular Replays
Top Player Replays
Match Explorer
How It Works
Community
CoH3 Stats
Reddit
Sign in to upload your games and track your stats! →
Sign in with Steam
Match 42415950
Unlisted
Match 42415950
Overview
Messages
Build Orders
End
Royal Engineer Section
Construct Section Command Post
Selects Canadian Shock Battlegroup
Dingo Light Scout Car
Infantry Section
Infantry Section
Infantry Section
Selects Attacking Spirit
Selects Canadian Shock Section
Construct Platoon Command Post
Humber Armored Car
Selects Incendiary Munitions
Selects Pyrotechnics
Canadian Shock Section
Grenade Package
Construct Field Infirmary
6-pounder Anti-tank Gun Team
Infantry Training
Vickers Machine Gun Team
Royal Engineer Section
Selects Churchill Crocodile Heavy Tank
Churchill Crocodile Heavy Tank
Selects Smoke Operation
Smoke Operation
Invicta
Nubbl0r
0
0
Comments
sign in to comment!
No comments posted yet!